 Dungeon Crawl Stone Soup version 0.28.0 (webtiles) character file.

Game seed: 13981827294805539862

1988 freelancePsychic the Covert (level 9, -12/43 HPs)
             Began as a Spriggan Summoner on Feb 12, 2022.
             Was a Follower of Dithmenos.
             Killed from afar by Maggie (30 damage)
             ... with a bolt of fire
             ... on level 8 of the Dungeon.
             The game lasted 00:26:46 (7473 turns).

freelancePsychic the Covert (Spriggan Summoner)     Turns: 7473, Time: 00:26:48

Health: -12/43     AC:  7    Str:  8    XL:     9   Next: 1%
Magic:  17/20      EV: 18    Int: 24    God:    Dithmenos [*.....]
Gold:   156        SH:  0    Dex: 20    Spells: 10/21 levels left

rFire   . . .      SeeInvis +   s - +0 dagger (venom)
rCold   . . .      Faith    .   (no shield)
rNeg    . . .      Spirit   .   n - +4 robe of Augmentation {Str+4 Int+4 Dex+4}
rPois   .          Reflect  .   (helmet restricted)
rElec   .          Harm     .   l - +0 cloak
rCorr   .          Rampage  .   (gloves unavailable)
Will    ++...                   (boots unavailable)
Stlth   +++++.....              (no amulet)
HPRegen 0.14/turn               e - ring of willpower
MPRegen 0.17/turn               h - ring of wizardry

@: wreathed by umbra, very quick
A: very small, no large weapons, unfitting armour, see invisible, speed 3
a: Renounce Religion


You were on level 8 of the Dungeon.
You worshipped Dithmenos.
Dithmenos was aware of your devotion.
You visited 2 branches of the dungeon, and saw 9 of its levels.

You collected 282 gold pieces.
You spent 126 gold pieces at shops.

Inventory:

Hand Weapons
 d - a +2 dagger
 s - a +0 dagger of venom (weapon)
Armour
 l - a +0 cloak (worn)
 n - the +4 robe of Augmentation (worn) {Str+4 Int+4 Dex+4}
   (You found it on level 3 of the Dungeon)

   Str:       It affects your strength (+4).
   Int:       It affects your intelligence (+4).
   Dex:       It affects your dexterity (+4).
Magical Staves
 g - a staff of poison
Jewellery
 e - a ring of willpower (left hand)
 h - a ring of wizardry (right hand)
Wands
 a - a wand of iceblast (12)
 c - a wand of mindburst (5)
 r - a wand of acid (11)
Scrolls
 o - 2 scrolls of immolation
 p - a scroll of identify {@r1}
 q - a scroll of teleportation {@r4}
 t - a scroll of fog
Potions
 b - 2 potions of curing {unknown}
 f - 3 potions of heal wounds {unknown}
 i - 2 potions of brilliance {unknown}
 j - a potion of resistance {unknown}
 k - 3 potions of attraction {unknown}
 m - a potion of berserk rage {unknown}


   Skills:
 - Level 2.5 Fighting
 + Level 3.0 Short Blades
 - Level 2.6 Dodging
 + Level 8.6 Stealth
 + Level 6.9 Spellcasting
 - Level 1.5 Hexes
 + Level 5.5 Summonings
 + Level 5.7 Translocations
 - Level 3.0 Air Magic


You had 10 spell levels left.
You knew the following spells:

 Your Spells              Type           Power      Damage    Failure   Level
a - Summon Small Mammal   Summ           100%       N/A       1%          1
b - Call Canine Familiar  Summ           34%        N/A       1%          3
c - Summon Guardian Gole  Hex/Summ       25%        N/A       1%          3
d - Summon Lightning Spi  Summ/Air       29%        N/A       4%          4

Your spell library contained the following spells:

 Spells                   Type           Power      Damage    Failure   Level
 Call Imp                 Summ           34%        N/A       1%          2
 Foxfire                  Conj/Fire      32%        2x1d5     3%          1
 Inner Flame              Hex/Fire       12%        N/A       6%          3
 Conjure Flame            Conj/Fire      8%         6-21      9%          3
 Flame Wave               Conj/Fire      8%         2d5       28%         4
 Malign Gateway           Summ/Tloc      17%        N/A       91%         7
 Summon Horrible Things   Summ           17%        N/A       100%        8


Dungeon Overview and Level Annotations

Branches:
Dungeon (8/15)             Temple (1/1) D:4
   Lair: D:8-11

Altars:
Dithmenos
Elyvilon
Hepliaklqana
Kikubaaqudgha
Makhleb
Nemelex Xobeh
Okawaru
Ru
Sif Muna
Trog
Vehumet
Wu Jian
Yredelemnul
Zin
The Shining One

Shops:
D:5 [

Portals:
Ossuary: D:8

Annotations:
D:2 exclusion: 2 gnolls
D:3 Grinder, Jessica, Natasha
D:5 1 runed translucent door, Edmund; lonewolfV2's ghost, novice TrFi
D:6 2 transporters
D:7 exclusions: centaur and downstairs
D:8 Maggie


Innate Abilities, Weirdness & Mutations

You are very small and have problems with some larger weapons.
You are too small for most types of armour.
You have supernaturally acute eyesight. (SInv)
You cover ground extremely quickly. (Speed+++)


Message History

Something bites your lightning spire but does no damage.
Something claws your lightning spire but does no damage.
Your lightning spire shoots out a bolt of lightning at the steam dragon!
The bolt of electricity hits the steam dragon! x2
The bolt of electricity hits your lightning spire.
Your lightning spire completely resists.
The steam dragon bites your lightning spire.
The steam dragon claws your lightning spire.
Your hound bites the orc.
What are your orders? t - Shout!
Orders for allies: a - Attack new target. r - Retreat! s - Stop attacking. g - Guard the area. f - Follow me.
Anything else - Cancel.
Gang up on whom?
Press: ? - help, Dir - move target, f - Maggie
Aim: Maggie, wielding a +0 halberd of pain and wearing +0 steam dragon scales Attack!
The steam dragon barely misses your lightning spire. x2
What are your orders? t - Shout!
Orders for allies: a - Attack new target. p - Attack previous target. r - Retreat! s - Stop attacking. g - Guard the area. f - Follow me.
Anything else - Cancel.
Gang up on whom?
Press: ? - help, Dir - move target, f - steam dragon, p - Maggie
Aim: a steam dragon (almost dead, very poisoned) Attack!
The steam dragon breathes steam at your lightning spire.
The ball of steam hits your lightning spire.
Your lightning spire resists.
Your hound misses the orc.
The ball of steam hits your lightning spire but does no damage.
A ball of steam appears from out of your range of vision.
Maggie casts a spell at you. The bolt of fire hits you!!
Ouch! That really hurt!
You die...

##.################
#.#.......h......#
##)#.############.# .(...#
#.# # .....# #.####.##.#
.....# #.#........ .....#
######'#.##..(..
.....#######........#......
.#.#.##.........@..........
.#.#.##.............#......
...#.##......#..........#
...# #......#.....@#.###
...# #......#..........#
##.# #......#...o..#......
...# ########..o..h#...#.#
####.## #....8o......
§.§o... #...D.##...###


You could see Maggie, 3 orcs, a friendly lightning spire (summoned) and a
friendly hound (summoned).

Vanquished Creatures
  A water moccasin (D:8)
  A bullfrog (D:8)
  A killer bee (D:7)
  3 howler monkeys (D:8)
  A hound (D:5)
  An adder (D:3)
  A shadow imp (D:7)
  A dart slug (D:2)
  5 orcs
  A ball python (D:4)
  2 endoplasms (D:4)
  A goblin (D:4)
  2 hobgoblins (D:1)
  A jackal (D:3)
  2 kobolds
  2 quokkas
  3 bats
  5 rats
34 creatures vanquished.

Vanquished Creatures (collateral kills)
  A water moccasin (D:6)
  A necrophage (D:5)
  An orc warrior (D:7)
  An ice beast (D:6)
  A phantom (D:5)
  2 scorpions
  A killer bee (D:7)
  A bullfrog zombie (D:5)
  2 hounds
  A jelly (D:4)
  A bullfrog skeleton (D:6)
  2 orc priests
  2 centaur skeletons
  Terence (D:3)
  2 orc wizards
  An iguana (D:3)
  5 gnolls (D:4)
  An adder (D:3)
  A shadow imp (D:5)
  A white imp (D:5)
  A worm (D:2)
  2 dart slugs
  17 orcs
  3 ball pythons
  2 giant cockroaches (D:2)
  10 goblins
  4 hobgoblins
  6 jackals (D:3)
  A quokka (D:1)
  A bat (D:2)
  4 kobolds
  2 rats
82 creatures vanquished.

Vanquished Creatures (others)
  A black bear (D:4)
  An ogre (D:6)
  2 killer bees (D:7)
  4 wights (D:8)
  An orc wizard (D:8)
  A gnoll (D:4)
  3 orcs (D:3)
13 creatures vanquished.

Grand Total: 129 creatures vanquished

Notes
Turn   | Place    | Note
-------+----------+-------------------------------------------
     0 | D:1      | freelancePsychic the Spriggan Summoner began the quest for
                  | the Orb.
     0 | D:1      | Reached XP level 1. HP: 9/9 MP: 5/5
   362 | D:1      | Reached XP level 2. HP: 13/13 MP: 4/7
  1640 | D:2      | Reached XP level 3. HP: 9/16 MP: 3/8
  1644 | D:2      | Learned a level 3 spell: Call Canine Familiar
  1920 | D:2      | Found a faded altar of an unknown god.
  2303 | D:3      | Noticed Grinder
  2532 | D:3      | Noticed Terence
  2564 | D:3      | Killed Terence
  2565 | D:3      | Reached skill level 4 in Stealth
  2565 | D:3      | Reached skill level 1 in Hexes
  2667 | D:3      | Noticed Natasha
  2695 | D:3      | Found the +4 robe of Augmentation {Str+4 Int+4 Dex+4}
  2716 | D:3      | Learned a level 3 spell: Summon Guardian Golem
  2746 | D:3      | Found an ancient bone altar of Kikubaaqudgha.
  2748 | D:3      | Reached XP level 4. HP: 21/21 MP: 10/10
  2825 | D:3      | Noticed Jessica
  3233 | D:3      | Identified a scroll of acquirement
  3234 | D:3      | Acquired a Grand Grimoire
  3389 | D:3      | Learned a level 4 spell: Summon Lightning Spire
  3622 | D:3      | Reached XP level 5. HP: 24/24 MP: 6/12
  3699 | D:4      | Reached skill level 1 in Air Magic
  3930 | D:4      | Noticed a black bear
  4009 | D:4      | Reached skill level 5 in Stealth
  4109 | D:4      | Found a staircase to the Ecumenical Temple.
  4158 | Temple   | Entered the Ecumenical Temple
  4162 | Temple   | Became a worshipper of Dithmenos the Shadowed
  4268 | D:4      | Reached XP level 6. HP: 29/29 MP: 1/13
  4349 | D:4      | Reached skill level 1 in Fighting
  5190 | D:5      | Entered Level 5 of the Dungeon
  5192 | D:5      | Noticed lonewolfV2's ghost (novice TrFi)
  5214 | D:5      | Reached skill level 5 in Spellcasting
  5214 | D:5      | Reached skill level 1 in Translocations
  5311 | D:5      | Reached XP level 7. HP: 32/33 MP: 8/15
  5360 | D:5      | Found Xaebaw's Antique Armour Emporium.
  5368 | D:5      | Bought a cloak for 126 gold pieces
  5435 | D:5      | Reached skill level 6 in Stealth
  5708 | D:5      | Noticed Edmund
  5867 | D:5      | Found a runed translucent door.
  6169 | D:6      | Reached skill level 7 in Stealth
  6169 | D:6      | Reached XP level 8. HP: 39/39 MP: 12/17
  6187 | D:6      | Found a transporter.
  6202 | D:6      | Noticed a kobold demonologist
  6456 | D:6      | Found a transporter.
  6562 | D:7      | Reached skill level 1 in Short Blades
  6612 | D:7      | Reached * piety under Dithmenos
  6616 | D:7      | Reached skill level 5 in Summonings
  6958 | D:8      | Found a radiant altar of Vehumet.
  6964 | D:8      | Noticed a hornet
  7073 | D:8      | Reached skill level 8 in Stealth
  7073 | D:8      | Reached skill level 5 in Translocations
  7443 | D:8      | Reached XP level 9. HP: 43/43 MP: 18/20
  7459 | D:8      | Found a sand-covered staircase.
  7464 | D:8      | Noticed Maggie
  7473 | D:8      | Killed from afar by Maggie

Illustrated notes

Levels and vault maps discovered:
D:1:      doesnt_arrival_eight_statues, layout_basic
D:2:      layout_basic, basic_ecumenical_altar, uniq_crazy_yiuf_cottage
D:3:      kennysheep_the_goblin_king, layout_loops_cross,
          kiku_gazebo_pond_becter, uniq_grinder, uniq_jessica, uniq_natasha,
          uniq_terence
D:4:      layout_layer_cave, minmay_temple_entry_slanted,
          nicolae_figureground_sparkle
D:5:      layout_cave_pools, grunt_temple_overflow_open, serial_shops, shop,
          hellmonk_ghost_happy_afterlife, uniq_edmund
D:6:      gammafunk_wand_slinger, layout_basic, chequers_serial_rivers_small_b
D:7:      layout_gridville, gammafunk_ghost_nasty_kobolds
D:8:      layout_basic, mainiacjoe_overflow_six_doors_small,
          lemuel_crystal_altar, enter_ossuary_3, serial_shops, shop,
          st_stairs_4, uniq_maggie
Temple:   nicolae_temple_x_marks_the_god

Skill      XL: |  1  2  3  4  5  6  7  8 |
---------------+-------------------------+-----
Spellcasting   | 3 4 5 6 |  6.9
Stealth        | 4 5 7 8 |  8.6
Hexes          | 1 |  1.5
Summonings     | 4 5 |  5.5
Air Magic      | 1 2 3 |  3.0
Fighting       | 1 2 |  2.5
Translocations | 1 3 5 |  5.7
Short Blades   | 3 |  3.0
Dodging        | |  2.6

Action                   |  1- 3 |  4- 6 |  7- 9 || total
-------------------------+-------+-------+-------++-------
Melee: Dagger            |    65 |    77 |    50 ||   192
       Punch             |       |     1 |       ||     1
 Cast: Summon Small Mamm |    26 |       |     1 ||    27
       Call Canine Famil |     7 |    20 |    17 ||    44
       Summon Guardian G |       |    14 |    18 ||    32
       Summon Lightning  |       |     5 |    17 ||    22
Evoke: Wand              |       |       |     1 ||     1
  Use: Scroll            |       |     7 |     2 ||     9
 Stab: Sleeping          |     9 |     1 |     3 ||    13
       Distracted        |       |     1 |       ||     1
       Paralysed         |       |       |     1 ||     1
Armor: Robe              |     8 |    12 |    11 ||    31
Dodge: Dodged            |    56 |    69 |    54 ||   179
